 Dungeon Crawl Stone Soup version 0.26.1-11-gd32895ea62 (webtiles) character file.

Game seed: 10322381115922072745

35 Zeld the Bolt Thrower (level 3, 22/22 HPs)
             Began as a Kobold Hunter on June 13, 2021.
             Quit the game on level 2 of the Dungeon.
             The game lasted 00:02:42 (1444 turns).

Zeld the Bolt Thrower (Kobold Hunter)               Turns: 1444, Time: 00:02:43

Health: 22/22      AC:  3    Str:  9    XL:     3   Next: 52%
Magic:  3/3        EV: 15    Int: 12    God:
Gold:   51         SH:  0    Dex: 16    Spells: 2/2 levels left

rFire    . . .     SeeInvis .   a - +1 hand crossbow
rCold    . . .     Faith    .   (shield restricted)
rNeg     . . .     Spirit   .   c - +0 leather armour
rPois    .         Reflect  .   (no helmet)
rElec    .         Harm     .   (no cloak)
rCorr    .         Rampage  .   (no gloves)
Will     .....                  (no boots)
Stlth    +++.......             (no amulet)
HPRegen  0.07/turn              (no ring)
MPRegen  0.08/turn              (no ring)

@: no status effects
A: small, nightstalker 3
a: no special abilities


You were on level 2 of the Dungeon.
You visited 1 branch of the dungeon, and saw 2 of its levels.

You collected 51 gold pieces.

Inventory:

Hand Weapons
 a - a +1 hand crossbow (weapon)
 b - a +0 short sword
Missiles
 d - 22 bolts (quivered ammo)
Armour
 c - a +0 leather armour (worn)
Jewellery
 k - an uncursed amulet of magic regeneration {unknown}
Scrolls
 e - a scroll of identify {unknown}
 f - a scroll of magic mapping {unknown}
 h - a scroll of teleportation {unknown}
 i - a scroll of amnesia {unknown}
 j - a scroll of random uselessness {unknown}
 l - a scroll of blinking {unknown}
Potions
 g - a potion of heal wounds {unknown}


   Skills:
 + Level 2.4 Fighting
 * Level 1.8 Short Blades
 * Level 5.1 Crossbows
 + Level 2.8 Dodging
 * Level 2.5 Stealth


You had 2 spell levels left.
You didn't know any spells.
Your spell library was empty.

Dungeon Overview and Level Annotations

Branches:
Dungeon (2/15)

Altars:


Innate Abilities, Weirdness & Mutations

You are small and have problems with some larger weapons.
You are completely attuned to the shadows.


Message History

You open the door.
There is an open door here.
You see here a dagger.
You see here a leather armour.
Done exploring.
Done exploring.
Done exploring.
Search for what [Enter for "armor", or ? for help]?
You see here a leather armour.
There is a stone staircase leading down here.
You climb downwards.
There is a stone staircase leading up here.
You open the door.
There is an open door here.
A goblin comes into view.
A goblin is nearby!
A goblin is nearby!
You shoot a bolt. The bolt hits the goblin.
You kill the goblin!
Are you sure you want to abandon this character and quit the game? (Confirm with "yes".)

..........≈......
.....≈.≈.....####
.....≈≈≈≈....####.
..#≈≈≈##≈≈........
..≈≈≈≈≈#.≈...####..##
≈≈ ..≈.......... ≈≈
≈....####..#
≈....####..##
≈≈......@....
≈≈..........(
.............
..≈...###..## ..#....
...


There were no monsters in sight!

Vanquished Creatures
  3 dart slugs (D:1)
  A leopard gecko (D:1)
  A ball python (D:1)
  3 goblins
  2 hobgoblins (D:1)
  8 jackals (D:1)
  2 kobolds (D:1)
  2 bats (D:1)
  A frilled lizard (D:1)
  2 rats (D:1)
25 creatures vanquished.

Notes
Turn   | Place    | Note
-------+----------+-------------------------------------------
     0 | D:1      | Zeld the Kobold Hunter began the quest for the Orb.
     0 | D:1      | Reached XP level 1. HP: 12/12 MP: 1/1
   180 | D:1      | Reached XP level 2. HP: 17/17 MP: 2/2
   219 | D:1      | Reached skill level 1 in Short Blades
   219 | D:1      | Reached skill level 5 in Crossbows
   690 | D:1      | Reached XP level 3. HP: 20/22 MP: 3/3
  1444 | D:2      | Quit the game

Illustrated notes

Levels and vault maps discovered:
D:1:      dpeg_arrival_triangle_fractal, layout_loops_corners
D:2:      layout_basic, nicolae_qazlal_general_emergency, serial_forest,
          infiniplex_forest_straight_2, infiniplex_forest_lined_corner,
          infiniplex_forest_lined_3, infiniplex_forest_straight_3,
          infiniplex_forest_clump_double, infiniplex_forest_straight_3,
          infiniplex_forest_zigzag_1

Skill      XL: |  1  2 |
---------------+-------+-----
Short Blades   | 1 |  1.8
Crossbows      | 5 |  5.1
Stealth        | 2 |  2.5
Fighting       | |  2.4
Dodging        | |  2.8

Action                   || total
-------------------------++-------
Melee: Short sword       ||    18
 Fire: Hand crossbow     ||    47
Armor: Leather armour    ||     9
Dodge: Dodged            ||    44
